 Dungeon Crawl Stone Soup version 0.21-a0-591-g2314aa1 (console) character file.

2881 nht the Slicer (level 9, 0/59 HPs)
             Began as a Demonspawn Artificer on Dec 22, 2017.
             Was a Follower of Ashenzari.
             Slain by a warg (7 damage)
             ... on level 8 of the Dungeon.
             The game lasted 00:18:56 (5669 turns).

nht the Slicer (Demonspawn Artificer)               Turns: 5669, Time: 00:18:57

Health: 0/59       AC: 10    Str: 12    XL:     9   Next: 48%
Magic:  17/17      EV: 17    Int: 16    God:    Ashenzari [*.....]
Gold:   448        SH:  0    Dex: 19    Spells: 17/18 levels left

rFire    . . .     SeeInvis .   i - +0 dagger (speed)
rCold    . . .     Gourm    .   (no shield)
rNeg     . . .     Faith    .   b - +0 robe (curse)
rPois    .         Spirit   .   (helmet restricted)
rElec    .         Reflect  .   e - +1 cloak
rCorr    .         Harm     .   (no gloves)
MR       .....                  (no boots)
Stlth    +++.......             g - amulet of regeneration
HPRegen  0.59/turn              o - +4 ring of protection (curse)
MPRegen  0.15/turn              v - ring of loudness (curse)

@: agile
A: horns 2, iridescent scales 1, demonic guardian 1, nightstalker 1
a: Curse Item, Scrying, Renounce Religion


You were on level 8 of the Dungeon.
You worshipped Ashenzari.
Ashenzari was aware of your devotion.
You were not hungry.

You visited 2 branches of the dungeon, and saw 9 of its levels.

You collected 448 gold pieces.

Inventory:

Hand Weapons
 i - a +0 dagger of speed (weapon)
 q - a +0 flail of protection
Missiles
 h - 3 curare-tipped needles
Armour
 b - a cursed +0 robe (worn)
 e - a +1 cloak (worn)
Jewellery
 c - an uncursed ring of ice
 g - an amulet of regeneration (around neck)
 j - an uncursed amulet of rage
 n - an uncursed ring of resist corrosion
 o - a cursed +4 ring of protection (left hand)
 p - the amulet "Peunlymm" {Inacc *Slow Dex+3}
   (You found it on level 7 of the Dungeon)

   [amulet of inaccuracy]

   It reduces the accuracy of all your attacks.
   It affects your dexterity (+3).
   It may slow you when you take damage.
 v - a cursed ring of loudness (right hand)
Wands
 x - a wand of digging (18)
Scrolls
 a - a scroll of identify
 d - 2 scrolls of teleportation
 w - 2 scrolls of immolation
 y - a scroll of enchant armour
Potions
 k - 3 potions of curing
Books
 l - the Handbook of Quantum Feathers
   (You found it on level 7 of the Dungeon)

   Spells                             Type                      Level
   a - Shroud of Golubria             Charms/Translocation         2
   b - Blink                          Translocation                2
   c - Malign Gateway                 Summoning/Translocation      7
   d - Tornado                        Air                          9
 m - a book of Misfortune

   Spells                             Type                      Level
   a - Confusing Touch                Hexes                        1
   b - Confuse                        Hexes                        3
   c - Gell's Gravitas                Translocation                3
   d - Petrify                        Transmutation/Earth          4
   e - Metabolic Englaciation         Hexes/Ice                    5
   f - Yara's Violent Unravelling     Hexes/Transmutation          5
 r - the Catalogue of Flight
   (You found it on level 7 of the Dungeon)

   Spells                             Type                      Level
   a - Shock                          Conjuration/Air              1
   b - Poisonous Vapours              Poison/Air                   2
   c - Deflect Missiles               Charms/Air                   6
   d - Conjure Ball Lightning         Conjuration/Air              6
 s - Sodut's Grimoire of Bewitching Translocation
   (You found it on level 7 of the Dungeon)

   Spells                             Type                      Level
   a - Tukima's Dance                 Hexes                        3
   b - Inner Flame                    Hexes/Fire                   3
   c - Teleport Other                 Translocation                3
   d - Summon Forest                  Summoning/Translocation      5
   e - Dispersal                      Translocation                6
Comestibles
 f - 13 rations
 u - 3 chunks of flesh


   Skills:
 - Level 1.0 Fighting
 - Level 10.1 Short Blades
 - Level 1.7 Dodging
 - Level 0.8 Stealth
 - Level 5.4 Spellcasting
 + Level 2.9 Air Magic
 - Level 3.0 Evocations


You had 17 spell levels left.
You knew the following spells:

 Your Spells              Type           Power        Failure   Level  Hunger
a - Shock                 Conj/Air       #...         8%          1    None


Dungeon Overview and Level Annotations

Branches:
Dungeon (8/15)             Temple (1/1) D:5
   Lair: D:8-11

Altars:
Ashenzari
Cheibriados
Dithmenos
Elyvilon
Fedhas
Gozag
Hepliaklqana
Kikubaaqudgha
Makhleb
Nemelex Xobeh
Okawaru
Qazlal
Ru
Sif Muna
Trog
Uskayaw
Vehumet
Wu Jian
Xom
Yredelemnul
Zin
The Shining One

Annotations:
D:7 2 runed doors


Innate Abilities, Weirdness & Mutations

You have a pair of horns on your head.
You are partially covered in iridescent scales. (AC +2)
A weak demonic guardian rushes to your aid.
You are slightly more attuned to the shadows.


Message History

Your quasit barely misses the warg.
Your quasit closely misses the warg.
You closely miss the warg.
The warg is heavily wounded.
The warg barely misses you.
You hit the warg but do no damage. Your headbutt misses the warg.
The warg is heavily wounded.
Your quasit closely misses the warg.
Your quasit claws the warg.
Your quasit barely misses the warg.
You miss the warg.
The warg is heavily wounded.
Your white imp closely misses the ogre.
The warg bites you!
* * * LOW HITPOINT WARNING * * *
The ogre barely misses your white imp.
You are too injured to fight recklessly!
You are too injured to fight recklessly!
You feel agile all of a sudden.
Your quasit bites the warg but does no damage.
Your quasit closely misses the warg.
Your quasit misses the warg. The warg bites you!
You die...

........
█.......
█......█
█......█
██.....█
██=h5...█
█..@5...█
██..██O...█
█...█ ...█ █..██
..█ █.█ █..█ ..
██.█ █..█ .
█..██ █..█ █...█
█.[█ ██...███
█..█ █......██
█..█
........█████..█


You could see a warg, an ogre, a friendly quasit and a friendly white imp.

Vanquished Creatures
  2 hornets (D:7)
  Grinder (D:5)
  A wyvern (D:7)
  A vampire (D:7)
  Edmund (D:6)
  A warg (D:8)
  A water moccasin (D:7)
  An eye of draining (D:7)
  A phantom (D:8)
  An ogre (D:5)
  A centaur (D:5)
  A bullfrog (D:7)
  Blork the orc (D:6)
  A water moccasin zombie (D:5)
  2 scorpions
  4 hounds
  Crazy Yiuf (D:4)
  A bullfrog skeleton (D:4)
  2 orc priests (D:7)
  5 orc wizards
  Ijyb (D:4)
  3 iguanas
  3 worker ants
  Terence (D:2)
  2 hound zombies
  A hound skeleton (D:6)
  Robin (D:4)
  11 adders
  7 gnolls
  A howler monkey skeleton (D:8)
  A shadow imp (D:7)
  3 oozes
  4 worms
  2 dart slugs (D:1)
  4 leopard geckos
  18 orcs
  5 giant cockroaches
  6 goblins
  6 hobgoblins
  5 jackals
  4 kobolds
  4 quokkas
  7 bats
  4 frilled lizards
  2 leopard gecko skeletons (D:4)
  4 rats
140 creatures vanquished.

Vanquished Creatures (collateral kills)
  A warg (D:8)
  An ice beast (D:7)
  A sky beast (D:5)
  2 bullfrogs
  A scorpion (D:5)
  A worker ant zombie (D:6)
  3 gnolls
  An adder (D:3)
  2 worms
  A dart slug (D:3)
  An orc (D:5)
  A giant cockroach (D:4)
  A hobgoblin (D:4)
  A kobold (D:3)
  4 goblins
  A rat (D:3)
23 creatures vanquished.

Vanquished Creatures (others)
  An orc warrior (D:7)
  A gnoll shaman (D:7)
  A gnoll (D:7)
  An orc (D:4)
  A plant (D:8)
5 creatures vanquished.

Grand Total: 168 creatures vanquished

Notes
Turn   | Place    | Note
-------+----------+-------------------------------------------
     0 | D:1      | nht the Demonspawn Artificer began the quest for the Orb.
     0 | D:1      | Reached XP level 1. HP: 15/15 MP: 3/3
     9 | D:1      | Reached skill level 1 in Short Blades
    47 | D:1      | Gained mutation: A weak demonic guardian rushes to your aid. [demonic ancestry]
    47 | D:1      | Reached XP level 2. HP: 21/21 MP: 4/4
    87 | D:1      | Reached skill level 2 in Short Blades
   376 | D:1      | Gained mutation: You are slightly more attuned to the shadows. [demonic ancestry]
   376 | D:1      | Reached XP level 3. HP: 26/26 MP: 5/5
   546 | D:2      | Reached skill level 3 in Short Blades
   565 | D:2      | Reached XP level 4. HP: 15/32 MP: 6/6
   780 | D:2      | Reached skill level 4 in Short Blades
   918 | D:2      | Noticed Terence
   931 | D:2      | Killed Terence
  1078 | D:3      | Reached XP level 5. HP: 25/37 MP: 7/7
  1141 | D:3      | Found a deep blue altar of Sif Muna.
  1265 | D:3      | Reached skill level 5 in Short Blades
  1317 | D:3      | Found a sparkling altar of Nemelex Xobeh.
  1571 | D:4      | Noticed Ijyb
  1575 | D:4      | Killed Ijyb
  1579 | D:4      | Noticed Robin
  1613 | D:4      | Killed Robin
  1613 | D:4      | Reached XP level 6. HP: 41/43 MP: 8/8
  1778 | D:4      | Reached skill level 6 in Short Blades
  1807 | D:4      | Found a runed door.
  1840 | D:4      | Noticed Crazy Yiuf
  1847 | D:4      | Killed Crazy Yiuf
  2150 | D:4      | Gained mutation: You are partially covered in iridescent scales. (AC +2) [demonic ancestry]
  2150 | D:4      | Reached XP level 7. HP: 48/48 MP: 9/9
  2240 | D:5      | Entered Level 5 of the Dungeon
  2271 | D:5      | Found a glowing golden altar of the Shining One.
  2422 | D:5      | Reached skill level 7 in Short Blades
  2492 | D:5      | Noticed Grinder
  2499 | D:5      | Killed Grinder
  2521 | D:5      | Reached skill level 8 in Short Blades
  2693 | D:5      | Found a hide-covered altar of Uskayaw.
  2702 | D:5      | Gained mutation: You have a pair of small horns on your head. [demonic ancestry]
  2702 | D:5      | Reached XP level 8. HP: 44/54 MP: 10/10
  2953 | D:5      | Found a staircase to the Ecumenical Temple.
  2959 | Temple   | Entered the Ecumenical Temple
  3134 | Temple   | Became a worshipper of Ashenzari the Shackled
  3319 | D:6      | Reached skill level 9 in Short Blades
  3367 | D:6      | Noticed Edmund
  3370 | D:6      | Killed Edmund
  3840 | D:6      | Noticed Blork the orc
  3846 | D:6      | Killed Blork the orc
  4194 | D:7      | Noticed a hornet
  4202 | D:7      | Killed a hornet
  4202 | D:7      | Reached skill level 10 in Short Blades
  4219 | D:7      | Reached skill level 1 in Spellcasting
  4458 | D:7      | Reached * piety under Ashenzari
  4494 | D:7      | Noticed a hornet
  4510 | D:7      | Paralysed by a hornet for 2 turns
  4518 | D:7      | Paralysed by a hornet for 3 turns
  4533 | D:7      | Killed a hornet
  4533 | D:7      | Gained mutation: You have a pair of horns on your head. [demonic ancestry]
  4533 | D:7      | Reached XP level 9. HP: 28/59 MP: 12/14
  4770 | D:7      | Reached skill level 5 in Spellcasting
  4776 | D:7      | Found a runed door.
  4942 | D:7      | Identified the Handbook of Quantum Feathers
  4942 | D:7      | Identified the Catalogue of Flight
  4942 | D:7      | Identified Sodut's Grimoire of Bewitching Translocation
  4943 | D:7      | Identified the amulet "Peunlymm" {Inacc *Slow Dex+3}
  4946 | D:7      | Learned a level 1 spell: Shock
  4959 | D:7      | Found a runed door.
  4959 | D:7      | Found a runed door.
  4959 | D:7      | Noticed a cyclops
  5020 | D:7      | Found a glowing silver altar of Zin.
  5173 | D:7      | Found an iron altar of Okawaru.
  5334 | D:7      | Found a blossoming altar of Fedhas.
  5409 | D:8      | Reached skill level 1 in Air Magic
  5453 | D:8      | Found a sacrificial altar of Ru.
  5669 | D:8      | Slain by a warg

Vault maps used:
D:1:      scummos_arrival_hexagon, minmay_curled_crystal
D:2:      uniq_terence
D:3:      lemuel_doored_altar, first_ration, nemelex_altar_shiori
D:4:      uniq_ijyb, uniq_robin, uniq_crazy_yiuf_cottage
D:5:      old_standard_altar, temple_statues, hangedman_decor_lopped,
          tso_metal_star, uniq_grinder
D:6:      uniq_blork_the_orc, uniq_edmund
D:7:      minmay_the_grid_four_pointed_star, old_standard_altar,
          kennysheep_little_box, kennysheep_mini_moat, serial_co_window_serial,
          co_window_corner_a, co_window_cross_1, co_window_paths_b,
          co_window_corner_a, co_window_corner_a, co_window_cross_1,
          glass_columns_b, glass_columns_b, glass_columns_b
D:8:      nicolae_ru_awakened_eye, erik_lair_orcish_takeover
Temple:   regret_index_temple_sphere_string

Skill      XL: |  1  2  3  4  5  6  7  8  9 |
---------------+----------------------------+-----
Short Blades   | 1 2 3 4 5 6 8 10 | 10.1
Spellcasting   | 3 5 |  5.4
Air Magic      | 2 |  2.9
Fighting       | |  1.0
Dodging        | |  1.7
Stealth        | |  0.8
Evocations     | |  3.0

Action                   |  1- 3 |  4- 6 |  7- 9 || total
-------------------------+-------+-------+-------++-------
Melee: Short sword       |   101 |   295 |   154 ||   550
       Dagger            |       |       |   390 ||   390
       Headbutt          |       |       |    85 ||    85
Invok: Curse Item        |       |       |     1 ||     1
Evoke: Wand              |       |    34 |    43 ||    77
  Use: Scroll            |       |     8 |     4 ||    12
       Potion            |       |     3 |     7 ||    10
 Stab: Sleeping          |       |     8 |     4 ||    12
       Paralysed         |       |     1 |       ||     1
       Distracted        |       |       |     4 ||     4
  Eat: Chunk             |       |     5 |    11 ||    16
Armor: Leather armour    |    27 |    70 |       ||    97
       Animal skin       |       |    44 |    86 ||   130
       Robe              |       |       |    38 ||    38
Dodge: Dodged            |    60 |   140 |   148 ||   348

Table legend:
 A = Spawn XP
 B = Non-spawn XP
 C = Spawn XP percentage of total XP
 D = Spawn monster count
 E = Non-spawn monster count
 F = Spawn count percentage of total count
 G = Total turns spent on level
                    A         B        C        D         E        F      G
               +---------+---------+-------+---------+---------+-------+---------
         Total |       0 |    4116 |   0.0 |       0 |     164 |   0.0 |  5669
               +---------+---------+-------+---------+---------+-------+---------
           D:1 |       0 |      44 |   0.0 |       0 |      16 |   0.0 |   510
           D:2 |       0 |     148 |   0.0 |       0 |      23 |   0.0 |   547
           D:3 |       0 |     143 |   0.0 |       0 |      27 |   0.0 |   514
           D:4 |       0 |     413 |   0.0 |       0 |      30 |   0.0 |   669
           D:5 |       0 |     741 |   0.0 |       0 |      15 |   0.0 |   742
           D:6 |       0 |     669 |   0.0 |       0 |      20 |   0.0 |   977
           D:7 |       0 |    1542 |   0.0 |       0 |      28 |   0.0 |  1193
           D:8 |       0 |     416 |   0.0 |       0 |       5 |   0.0 |   319
               +---------+---------+-------+---------+---------+-------+---------
